 Dungeon Crawl Stone Soup version 0.20-a0-772-g73021bd (webtiles) character file.

100 Minion the Ruffian (level 4, 0/44 HPs)
             Began as a Troll Monk on Feb 27, 2017.
             Killed from afar by an orc wizard (5 damage)
             ... with a magic dart
             ... on level 3 of the Dungeon.
             The game lasted 00:02:04 (1188 turns).

Minion the Ruffian (Troll Monk)                     Turns: 1188, Time: 00:02:04

Health: 0/44       AC:  5    Str: 19    XL:     4   Next: 47%
Magic:  3/3        EV: 10    Int:  6    God:
Gold:   74         SH:  0    Dex: 13    Spells: 3/3 levels left

rFire    . . .     SeeInvis .     - Unarmed
rCold    . . .     Gourm    +   a - +0 robe
rNeg     . . .     Faith    .   (no shield)
rPois    .         Spirit   .   (helmet restricted)
rElec    .         Reflect  .   (no cloak)
rCorr    .         Harm     .   (gloves unavailable)
MR       .....                  (boots unavailable)
Stlth    +.........             (no amulet)
Regen    0.6/turn               (no ring)
MPRegen  0.1/turn               (no ring)

@: drained
A: unfitting armour, claws 3, fast metabolism 3, gourmand, regeneration 1,
shaggy fur 1, tough skin 2
a: no special abilities


You were on level 3 of the Dungeon.
You were very full.

You visited 1 branch of the dungeon, and saw 3 of its levels.

You collected 74 gold pieces.

Inventory:

Armour
 a - a +0 robe (worn)
Wands
 j - a wand of iceblast (4/15)
Scrolls
 c - 4 scrolls of identify {unknown}
 e - a scroll of teleportation {unknown}
 m - 2 scrolls of remove curse {unknown}
Potions
 d - a potion of curing {unknown}
 f - a potion of ambrosia {unknown}
 l - 2 potions of agility {unknown}
Comestibles
 b - 5 bread rations
 g - 2 royal jellies
 h - 2 fruits
 i - 2 chunks of flesh
 k - a meat ration


   Skills:
 - Level 2.4(1.6) Fighting
 - Level 2.4(1.6) Dodging
 - Level 1.0(0.2) Stealth
 + Level 5.3(4.4) Unarmed Combat


You had 3 spell levels left.
You didn't know any spells.

Dungeon Overview and Level Annotations

Branches:
Dungeon (3/15)

Altars:
Zin


Innate Abilities, Weirdness & Mutations

You are too large for most types of armour.
You have claws for hands.
Your metabolism is lightning-fast.
You like to eat raw meat.
Your natural rate of healing is unusually fast.
You are covered in fur. (AC +1)
You have very tough skin. (AC +2)


Message History

The goblin is moderately wounded.
The goblin hits you but does no damage.
You claw the goblin!
You kill the goblin!
You closely miss the orc wizard.
The orc priest invokes the aid of Beogh against you.
Beogh smites you!
* * * LOW HITPOINT WARNING * * *
The orc wizard hits you with a dagger.
* * * LOW HITPOINT WARNING * * *
You completely miss the orc wizard.
The orc wizard hits you but does no damage.
You barely miss the orc wizard. The orc wizard barely misses you.
You closely miss the orc wizard.
The orc wizard points at you and mumbles some strange words.
The puff of flame hits you!
* * * LOW HITPOINT WARNING * * *
The orc wizard points at you and mumbles some strange words.
The magic dart hits you!
You die...

#.# #.# #.#
#.# #.# #.#
#.### #<..#
#.#@# #.#.#
#.#o#
#.#o#######
#..oo......
#..........
#..........
#..........
..........$


You could see an orc wizard and 3 orcs.

Vanquished Creatures
  An orc wizard (D:3)
  An adder (D:2)
  4 dart slugs
  2 leopard geckos
  2 orcs (D:3)
  5 bats
  4 giant cockroaches
  9 goblins
  4 hobgoblins
  7 jackals (D:2)
  3 quokkas (D:2)
  10 frilled lizards (D:2)
  5 kobolds
  5 rats
62 creatures vanquished.

Notes
Turn   | Place    | Note
-------+----------+-------------------------------------------
     0 | D:1      | Minion the Troll Monk began the quest for the Orb.
     0 | D:1      | Reached XP level 1. HP: 22/22 MP: 0/0
   110 | D:1      | Reached XP level 2. HP: 25/29 MP: 1/1
   300 | D:1      | Reached skill level 4 in Unarmed Combat
   629 | D:2      | Reached XP level 3. HP: 35/36 MP: 2/2
   766 | D:2      | Found a glowing silver altar of Zin.
   856 | D:2      | Reached XP level 4. HP: 44/44 MP: 3/3
   862 | D:2      | Reached skill level 5 in Unarmed Combat
  1188 | D:3      | Killed from afar by an orc wizard

Vault maps used:
D:1:      eino_arrival_druids_welcome, hangedman_abyss_or_decor_stabs
D:2:      overflow_temple_1_default, minmay_lizard_pond
D:3:      overflow_temple_1_default, old_standard_altar,
          amethyst_overflow_temple_binary

Skill      XL: |  1  2  3  4 |
---------------+-------------+-----
Unarmed Combat | 4 5 |  5.3
Fighting       | |  2.4
Dodging        | |  2.4
Stealth        | |  1.0

Action                   |  1- 3 |  4- 6 || total
-------------------------+-------+-------++-------
Melee: Unarmed           |   116 |    62 ||   178
       Punch             |     1 |       ||     1
 Stab: Sleeping          |     2 |     1 ||     3
  Eat: Chunk             |    13 |     3 ||    16
Armor: Robe              |    62 |    15 ||    77
Dodge: Dodged            |    73 |    18 ||    91
